[Event "ICC 25 10 u"]
[Site "Internet Chess Club"]
[Date "2008.08.24"]
[Round "5"]
[White "HeavenlyFractal"]
[Black "patternmaster"]
[Result "0-1"]
[ECO "A48"]
[WhiteElo "1801"]
[BlackElo "2001"]
[PlyCount "91"]
[EventDate "2008.??.??"]
[TimeControl "1500+10"]

1. Nf3 Nf6 2. d4 g6 3. e3 Bg7 4. Be2 d6 5. b3 O-O 6. Bb2 Nbd7 7. O-O e5 8. dxe5 Ng4 9. c4 Ngxe5 10. Nc3 a5 11. h3 Nc5 12. Qd2 Bf5 13. Nxe5 dxe5 14. Qxd8 Rfxd8 15. Rad1 c6 16. Ba1 Be6 17. e4 f6 18. Rfe1 Kf7 19. Bf1 Ke7 20. Bb2 Ke8 21. f3 Bf8 22. Kh1 Rxd1 23. Rxd1 Rd8 24. Rxd8+ Kxd8 25. Kg1 Bc8 26. Kf2 Ne6 27. Ne2 Bc5+ 28. Ke1 Kc7 29. Kd2 Nd4 30. Nxd4 Bxd4 31. Bxd4 exd4 32. c5 b6 33. cxb6+ Kxb6 34. Bc4 g5 35. Kd3 c5 36. Bd5 h5 37. Bc4 h4 38. Kd2 Ba6 39. Kd3 Bb5 40. a4 Bxc4+ 41. bxc4 Kc6 42. Ke2 Kd6 43. Kf2 Ke5 44. g3 hxg3+ 45. Kxg3 d3 46. h4 0-1

[Event "ICC 25 10 u"]
[Site "Internet Chess Club"]
[Date "2008.08.25"]
[Round "5"]
[White "okun"]
[Black "MrShaw"]
[Result "0-1"]
[ECO "E62"]
[WhiteElo "1591"]
[BlackElo "1890"]
[PlyCount "120"]
[EventDate "2008.??.??"]
[TimeControl "1500+10"]

1. Nf3 Nf6 2. g3 g6 3. Bg2 Bg7 4. O-O O-O 5. c4 d6 6. d4 Nc6 7. Nc3 e5 8. e3 Re8 9. Re1 Bd7 10. Qb3 exd4 11. Nd5 Na5 12. Qc2 dxe3 13. Bxe3 Bf5 14. Qa4 c6 15. Nxf6+ Bxf6 16. Bd4 Bxd4 17. Nxd4 Qb6 18. Nxf5 gxf5 19. Qc2 Qb4 20. Rxe8+ Rxe8 21. b3 Re5 22. Rd1 Qc5 23. Qd2 Re6 24. b4 Qxc4 25. bxa5 d5 26. Qg5+ Kf8 27. Qxf5 Qxa2 28. Qxh7 Qxa5 29. Rf1 b5 30. h4 Qd2 31. h5 Qg5 32. Qh8+ Ke7 33. Qb8 a5 34. Qa7+ Kd6 35. Qxf7 a4 36. Rc1 Qxc1+ 37. Kh2 a3 38. Qf8+ Kd7 39. Qf7+ Re7 40. Qf5+ Kd6 41. Qf6+ Re6 42. Qf8+ Kd7 43. Bh3 a2 44. Qf7+ Kd8 45. Qf8+ Kc7 46. Qf7+ Kb6 47. Qxe6 a1=Q 48. Qe3+ Qxe3 49. fxe3 Qe1 50. h6 Qxe3 51. h7 Qh6 52. h8=Q Qxh8 53. Kg2 Qe5 54. Kh2 b4 55. Kg2 b3 56. Kh2 b2 57. Kg2 b1=Q 58. Kh2 Qc2+ 59. Kg1 Qxg3+ 60. Kh1 Qgh2# 0-1

[Event "ICC 25 10 u"]
[Site "Internet Chess Club"]
[Date "2008.08.25"]
[Round "5"]
[White "JoshWinner"]
[Black "wright"]
[Result "0-1"]
[ECO "B01"]
[WhiteElo "1258"]
[BlackElo "2051"]
[PlyCount "170"]
[EventDate "2008.??.??"]
[TimeControl "1500+10"]

1. e4 d5 2. exd5 Qxd5 3. Nc3 Qd6 4. d4 Nf6 5. Nb5 Qb6 6. Be3 Bd7 7. d5 Qa5+ 8. Bd2 Qb6 9. Be3 c5 10. dxc6 Qxc6 11. Nf3 a6 12. Ne5 Qc8 13. Bc4 e6 14. Nd6+ Bxd6 15. Qxd6 Nc6 16. Nxd7 Qxd7 17. Qg3 g6 18. Rd1 Qe7 19. O-O Rc8 20. Bh6 Nh5 21. Qc3 Rg8 22. Qe3 Nf6 23. Bg5 b5 24. Be2 Kf8 25. Bh6+ Ke8 26. Bg5 h6 27. Bxh6 Nd5 28. Qh3 Qc5 29. c3 Nce7 30. Bd2 Nf5 31. b4 Qc7 32. Bd3 Nfe7 33. Rfe1 Nxc3 34. Rc1 Ned5 35. Qh7 Ke7 36. Qh4+ Kd7 37. Bxc3 Nxc3 38. Qf6 Rgf8 39. a3 Qd8 40. Qe5 Nd5 41. Rcd1 Qc7 42. Qxc7+ Rxc7 43. Be4 Kd6 44. Re3 Rfc8 45. Bxd5 exd5 46. Red3 Rc1 47. Rxd5+ Ke7 48. Kf1 Rxd1+ 49. Rxd1 Rc3 50. Ra1 Ke6 51. Re1+ Kf6 52. Re3 Rc2 53. h4 Kf5 54. g3 Rc4 55. f3 Rc2 56. Re7 Kf6 57. Ra7 Rc6 58. g4 Kg7 59. Ke2 Kf6 60. Kd3 Ke6 61. h5 gxh5 62. gxh5 Kf6 63. Ke4 Kg7 64. Kf5 Rf6+ 65. Kg4 Rd6 66. f4 Kf6 67. Rc7 Kg7 68. Ra7 Rh6 69. Kg5 Rc6 70. f5 Rd6 71. Rc7 Rb6 72. Rd7 Rc6 73. Re7 Rb6 74. Re3 Rd6 75. Re7 Rc6 76. Rd7 Rb6 77. Rc7 Rd6 78. Ra7 Rc6 79. Rd7 Rb6 80. Rc7 Rd6 81. Re7 Rc6 82. Ra7 Rd6 83. Rc7 Rb6 84. Re7 Rd6 85. Rc7 Rb6 0-1

[Event "ICC 25 10 u"]
[Site "Internet Chess Club"]
[Date "2008.08.27"]
[Round "6"]
[White "LENI"]
[Black "okun"]
[Result "1-0"]
[ECO "B07"]
[WhiteElo "2074"]
[BlackElo "1573"]
[PlyCount "115"]
[EventDate "2008.??.??"]
[TimeControl "1500+10"]

1. e4 d6 2. Nf3 Nf6 3. d3 g6 4. g3 Bg7 5. Bg2 O-O 6. O-O Nc6 7. c3 b5 8. Re1 Bb7 9. Nbd2 Rb8 10. b3 b4 11. Bb2 Ng4 12. d4 bxc3 13. Bxc3 e5 14. dxe5 Ngxe5 15. Nxe5 Nxe5 16. Nf3 Nxf3+ 17. Qxf3 Re8 18. Bxg7 Kxg7 19. Qc3+ Qf6 20. Qxf6+ Kxf6 21. Rac1 Re7 22. Re3 Ba6 23. f4 Rbe8 24. Rec3 c5 25. b4 cxb4 26. Rc6 Bb7 27. Rxd6+ Kg7 28. e5 Bxg2 29. Kxg2 Rb8 30. Rb1 Reb7 31. Ra6 Ra8 32. Kf3 Rb6 33. Ra5 a6 34. Ke4 Rb5 35. Rxb5 axb5 36. Rb2 Ra4 37. Kd5 Kf8 38. Kc5 Ra3 39. Kxb4 Ra7 40. a3 Ke7 41. Rb3 Ke6 42. Kxb5 Rb7+ 43. Kc4 Rc7+ 44. Kd3 Rd7+ 45. Ke3 Kf5 46. a4 Rd1 47. Ra3 Rh1 48. h4 Kg4 49. a5 Rh3 50. Ke4 Rxg3 51. Rxg3+ Kxg3 52. a6 Kxh4 53. a7 h5 54. a8=Q Kg4 55. Qd8 h4 56. Qg5+ Kh3 57. Kf3 f5 58. Qg2# 1-0

[Event "ICC 25 10 u"]
[Site "Internet Chess Club"]
[Date "2008.08.28"]
[Round "6"]
[White "wright"]
[Black "HeavenlyFractal"]
[Result "1-0"]
[ECO "B00"]
[WhiteElo "2051"]
[BlackElo "1809"]
[PlyCount "51"]
[EventDate "2008.??.??"]
[TimeControl "1500+10"]

1. e4 Nc6 2. Nf3 d6 3. Nc3 g6 4. Bc4 Bg7 5. d4 e5 6. d5 Nce7 7. O-O Nf6 8. Re1 h6 9. Be3 O-O 10. Qd2 Kh7 11. h3 Nfg8 12. a3 f5 13. exf5 Nxf5 14. Bd3 Nf6 15. Be4 Nxe4 16. Nxe4 Nxe3 17. Rxe3 Bf5 18. c4 Qe7 19. Rae1 Rf7 20. Qb4 b6 21. Qd2 Raf8 22. b4 Bxh3 23. Nxe5 Bxe5 24. Rxh3 Bf4 25. Qe2 Re8 26. Nf6+ 1-0

[Event "ICC 25 10 u"]
[Site "Internet Chess Club"]
[Date "2008.08.30"]
[Round "6"]
[White "diams"]
[Black "pseudonym"]
[Result "1-0"]
[ECO "D00"]
[WhiteElo "1400"]
[BlackElo "1735"]
[PlyCount "77"]
[EventDate "2008.??.??"]
[TimeControl "1500+10"]

1. d4 d5 2. e3 c6 3. c3 Bf5 4. Be2 e6 5. Nf3 Nf6 6. O-O Bd6 7. Nbd2 O-O 8. Ne5 Nbd7 9. f4 Qb6 10. g4 Be4 11. g5 Bxe5 12. fxe5 Ne8 13. Nxe4 dxe4 14. Bc4 Nc7 15. Qg4 Nd5 16. Qxe4 Qd8 17. Qh4 Ne7 18. Bd3 Ng6 19. Bxg6 fxg6 20. Rxf8+ Qxf8 21. Qg4 Qf7 22. Qf4 Qxf4 23. exf4 Nb6 24. Be3 Nd5 25. Kf2 Rf8 26. Kf3 Ne7 27. c4 b6 28. a4 Nf5 29. a5 b5 30. cxb5 cxb5 31. Rc1 Nxe3 32. Kxe3 Rf7 33. Rc8+ Rf8 34. Rxf8+ Kxf8 35. d5 exd5 36. Kd4 Ke7 37. Kxd5 Kd7 38. Kc5 Kc7 39. Kxb5 1-0

[Event "ICC 25 10 u"]
[Site "Internet Chess Club"]
[Date "2008.08.30"]
[Round "6"]
[White "IvanuvIvanchuk"]
[Black "MrShaw"]
[Result "1-0"]
[ECO "C01"]
[WhiteElo "1809"]
[BlackElo "1887"]
[PlyCount "61"]
[EventDate "2008.??.??"]
[TimeControl "1500+10"]

1. e4 e6 2. d4 d5 3. exd5 exd5 4. c4 Nc6 5. Nf3 Bb4+ 6. Nc3 Nge7 7. Bd3 Bg4 8. O-O Nxd4 9. Qa4+ Ndc6 10. Ne5 Bd7 11. Nxc6 Nxc6 12. cxd5 Bxc3 13. Qe4+ Ne7 14. bxc3 Bf5 15. Qa4+ Bd7 16. Qh4 Nxd5 17. Re1+ Be6 18. Rxe6+ fxe6 19. Qh5+ Kd7 20. Bg5 Qe8 21. Qf3 Rf8 22. Qe4 Qf7 23. Qa4+ c6 24. f3 h6 25. Bh4 Qf4 26. Qb3 Qxh4 27. Qxb7+ Kd6 28. c4 Rfb8 29. Qxg7 Qf6 30. Qg3+ Qe5 31. c5+ 1-0

[Event "ICC 25 10 u"]
[Site "Internet Chess Club"]
[Date "2008.09.05"]
[Round "6"]
[White "daisuke"]
[Black "JoshWinner"]
[Result "1-0"]
[ECO "C54"]
[WhiteElo "2202"]
[BlackElo "1265"]
[PlyCount "72"]
[EventDate "2008.??.??"]
[TimeControl "1500+10"]

1. e4 e5 2. Nf3 Nc6 3. Bc4 Bc5 4. c3 Nf6 5. d3 a6 6. Bb3 O-O 7. O-O d6 8. Nbd2 Bg4 9. h3 Bh5 10. Re1 Na5 11. Bc2 Nc6 12. Nf1 Qe7 13. Ng3 Bg6 14. Nh4 Nxe4 15. Ngf5 Bxf2+ 16. Kh2 Qf6 17. Rf1 Bxh4 18. Nh6+ gxh6 19. Rxf6 Bg3+ 20. Kg1 Nxf6 21. Qf3 Nh5 22. Bxh6 Rfe8 23. Rf1 Bf4 24. g4 e4 25. dxe4 Ng3 26. Qxf4 Ne2+ 27. Kg2 Nxf4+ 28. Rxf4 Re6 29. h4 Rae8 30. Kf3 Ne5+ 31. Kg3 Nc4 32. b3 Ne3 33. Bd3 Nd1 34. Kf3 Nxc3 35. Bg5 Bxe4+ 36. Bxe4 Nxe4 1-0

[Event "ICC 25 10 u"]
[Site "Internet Chess Club"]
[Date "2008.09.05"]
[Round "6"]
[White "patternmaster"]
[Black "danechka"]
[Result "1-0"]
[ECO "D02"]
[WhiteElo "2001"]
[BlackElo "1625"]
[PlyCount "109"]
[EventDate "2008.??.??"]
[TimeControl "1500+10"]

1. d4 d5 2. Nf3 Nf6 3. Bf4 Bf5 4. c4 c6 5. Qb3 Qb6 6. c5 Qxb3 7. axb3 Nbd7 8. Nc3 e6 9. b4 Be7 10. b5 O-O 11. h3 Rfe8 12. e3 h6 13. Be2 Bf8 14. O-O Ne4 15. bxc6 bxc6 16. Ba6 Ndf6 17. Bb7 Rad8 18. Bxc6 Re7 19. Ra6 Nxc3 20. bxc3 Bd3 21. Rfa1 Bxa6 22. Rxa6 Ne4 23. c4 g5 24. Bh2 f6 25. cxd5 exd5 26. Ba4 Nc3 27. Bc2 Rc8 28. Rxf6 a5 29. Ra6 Rb7 30. g4 Rb5 31. Bf5 Rd8 32. c6 Bd6 33. Bxd6 Rxd6 34. c7 Rb1+ 35. Bxb1 Rxa6 36. c8=Q+ Kg7 37. Qxa6 Nxb1 38. Qb7+ Kg6 39. Qxb1+ Kg7 40. Qb5 h5 41. Qxa5 hxg4 42. hxg4 Kf6 43. Qxd5 Ke7 44. Qxg5+ Kf7 45. Ne5+ Ke6 46. Qf5+ Ke7 47. Nd3 Kd6 48. g5 Ke7 49. g6 Kd6 50. g7 Ke7 51. g8=R Kd6 52. Rg6+ Ke7 53. Ra6 Kd8 54. Qh7 Kc8 55. Ra8# 1-0

[Event "ICC 25 10 u"]
[Site "Internet Chess Club"]
[Date "2008.08.26"]
[Round "7"]
[White "danechka"]
[Black "wright"]
[Result "0-1"]
[ECO "D53"]
[WhiteElo "1628"]
[BlackElo "2051"]
[PlyCount "130"]
[EventDate "2008.??.??"]
[TimeControl "1500+10"]

1. d4 Nf6 2. c4 e6 3. Nc3 d5 4. Bg5 Be7 5. e3 O-O 6. Bd3 Nbd7 7. Nf3 c5 8. O-O cxd4 9. exd4 h6 10. Bh4 dxc4 11. Bxc4 Nb6 12. Bb5 Bd7 13. Rc1 Rc8 14. Qd3 Bxb5 15. Nxb5 a6 16. Nc3 Nbd5 17. Rfe1 Qa5 18. Nxd5 Nxd5 19. Bxe7 Nxe7 20. Qb3 b5 21. a3 Nd5 22. Ne5 Qd2 23. Rcd1 Qc2 24. Qxc2 Rxc2 25. b4 Rfc8 26. h3 Ra2 27. Ra1 Rxa1 28. Rxa1 Rc2 29. g3 Nb6 30. Kg2 Kf8 31. Rd1 Ke7 32. Kf3 Nd5 33. h4 f6 34. Nd3 Rc3 35. Kg2 Rxa3 36. Nc5 Kd6 37. Re1 Nc7 38. Re3 Rxe3 39. fxe3 Kd5 40. Kf3 Kc4 41. Ke4 Kxb4 42. Kd3 a5 43. Kc2 a4 44. Kb2 Kc4 45. Ka3 h5 46. Kb2 e5 47. Ka3 exd4 48. exd4 g5 49. hxg5 fxg5 50. Nxa4 bxa4 51. Kxa4 Kxd4 52. Kb3 Kd3 53. Kb4 h4 54. Kc5 Ke4 55. gxh4 gxh4 56. Kc6 Nd5 57. Kc5 h3 58. Kc4 h2 59. Kb5 Kd4 60. Kc6 h1=Q 61. Kd6 Qh6+ 62. Kd7 Ke5 63. Kc8 Qh7 64. Kd8 Qe7+ 65. Kc8 Qc7# 0-1

[Event "ICC 25 10 u"]
[Site "Internet Chess Club"]
[Date "2008.08.29"]
[Round "7"]
[White "HeavenlyFractal"]
[Black "daisuke"]
[Result "0-1"]
[ECO "D04"]
[WhiteElo "1809"]
[BlackElo "2202"]
[PlyCount "60"]
[EventDate "2008.??.??"]
[TimeControl "1500+10"]

1. Nf3 d5 2. d4 Nf6 3. e3 c6 4. Be2 Bf5 5. c4 e6 6. Bd3 Bxd3 7. Qxd3 Nbd7 8. O-O Be7 9. b3 O-O 10. Nbd2 a5 11. Bb2 a4 12. c5 b6 13. b4 bxc5 14. bxc5 Qc7 15. Bc3 Rfb8 16. a3 e5 17. dxe5 Nxc5 18. Qd4 Ne6 19. Qd3 Nd7 20. Rfb1 Ndc5 21. Qc2 h6 22. h3 Bf8 23. Nd4 Rxb1+ 24. Rxb1 Nxd4 25. exd4 Ne6 26. Ba1 Bxa3 27. Nf3 Be7 28. Qb2 a3 29. Qb6 Qxb6 30. Rxb6 a2 0-1

[Event "ICC 25 10 u"]
[Site "Internet Chess Club"]
[Date "2008.08.29"]
[Round "7"]
[White "pseudonym"]
[Black "IvanuvIvanchuk"]
[Result "1-0"]
[ECO "B22"]
[WhiteElo "1735"]
[BlackElo "1809"]
[PlyCount "47"]
[EventDate "2008.??.??"]
[TimeControl "1500+10"]

1. e4 c5 2. c3 g6 3. d4 cxd4 4. cxd4 d5 5. e5 Nc6 6. Nf3 Bg7 7. Nc3 f6 8. Bf4 Nh6 9. Bb5 O-O 10. O-O Be6 11. Re1 Bf7 12. e6 Be8 13. Qb3 Na5 14. Qb4 Nf5 15. Bxe8 Rxe8 16. Bd2 Nc4 17. Bf4 Qb6 18. Nxd5 Qxb4 19. Nxb4 Nxb2 20. Rac1 a5 21. Rc2 axb4 22. Rxb2 Red8 23. Rd2 Ra5 24. Bc7 1-0

[Event "ICC 25 10 u"]
[Site "Internet Chess Club"]
[Date "2008.09.06"]
[Round "7"]
[White "okun"]
[Black "patternmaster"]
[Result "0-1"]
[ECO "E62"]
[WhiteElo "1573"]
[BlackElo "2001"]
[PlyCount "102"]
[EventDate "2008.??.??"]
[TimeControl "1500+10"]

1. Nf3 Nf6 2. g3 g6 3. Bg2 Bg7 4. d4 d6 5. c4 O-O 6. Nc3 c6 7. O-O a6 8. e4 b5 9. b3 b4 10. Na4 Nxe4 11. Qe1 Nc3 12. Nxc3 bxc3 13. Qxc3 Qc7 14. Bb2 Bb7 15. Qd2 Nd7 16. Rfe1 e6 17. Rac1 c5 18. dxc5 dxc5 19. Bxg7 Kxg7 20. Rcd1 Rfd8 21. Qd6 Qxd6 22. Rxd6 Kf6 23. Red1 Ke7 24. R6d2 h6 25. Ne1 Bxg2 26. Kxg2 Nb6 27. Rxd8 Rxd8 28. Rxd8 Kxd8 29. Nd3 Nd7 30. Kf3 Kc7 31. Ke3 Kd6 32. f4 f5 33. Kd2 e5 34. fxe5+ Nxe5 35. Nxe5 Kxe5 36. Ke3 g5 37. h4 gxh4 38. gxh4 h5 39. a3 a5 40. a4 f4+ 41. Kf3 Kf5 42. Kf2 Ke4 43. Ke2 f3+ 44. Kf2 Kf4 45. Kf1 Kg3 46. Kg1 f2+ 47. Kf1 Kf3 48. b4 cxb4 49. c5 b3 50. c6 b2 51. c7 b1=Q# 0-1

[Event "ICC 25 10"]
[Site "Internet Chess Club"]
[Date "2008.09.07"]
[Round "7"]
[White "MrShaw"]
[Black "LENI"]
[Result "1/2-1/2"]
[ECO "B06"]
[WhiteElo "1942"]
[BlackElo "2095"]
[PlyCount "78"]
[EventDate "2008.??.??"]
[TimeControl "1500+10"]

1. e4 g6 2. d4 Bg7 3. f4 d6 4. Nf3 Nd7 5. Bc4 e6 6. O-O h6 7. f5 Nb6 8. Bb3 g5 9. Nc3 g4 10. Ne1 h5 11. a4 a5 12. Be3 Nh6 13. fxe6 Bxe6 14. Qd2 Nc4 15. Bxc4 Bxc4 16. Nd3 Ng8 17. Qf2 Bh6 18. Bxh6 Nxh6 19. Nd5 Bxd5 20. exd5 Qg5 21. Rae1+ Kd7 22. c4 Rae8 23. c5 f5 24. c6+ bxc6 25. dxc6+ Kxc6 26. Nf4 Kd7 27. d5 Re5 28. Ne6 Qf6 29. Qd4 Rb8 30. Qa7 Rc8 31. Qb7 Ng8 32. Qc6+ Ke7 33. Qb7 Kd7 34. Qc6+ Ke7 35. Qb7 Kd7 36. Qc6+ Ke7 37. Qb7 Kd7 38. Qc6+ Ke7 39. Qb7 Kd7 1/2-1/2

[Event "ICC 25 10 u"]
[Site "Internet Chess Club"]
[Date "2008.09.07"]
[Round "7"]
[White "JoshWinner"]
[Black "diams"]
[Result "0-1"]
[ECO "C58"]
[WhiteElo "1254"]
[BlackElo "1200"]
[PlyCount "49"]
[EventDate "2008.??.??"]
[TimeControl "1500+10"]

1. e4 e5 2. Nf3 Nc6 3. Bc4 Nf6 4. Ng5 d5 5. exd5 Na5 6. Bb5+ c6 7. dxc6 bxc6 8. Qf3 Rb8 9. Bxc6+ Nxc6 10. Qxc6+ Nd7 11. d3 Be7 12. h4 Bb7 13. Qc4 O-O 14. O-O h6 15. Ne4 Nb6 16. Qb3 Bxh4 17. Nbc3 Kh8 18. Be3 f5 19. Nc5 Ba8 20. Ne6 Qf6 21. Nxf8 Rxf8 22. Bxb6 axb6 23. Nd5 Qg6 24. Qxb6 Qg4 25. Qb4 0-1

[Event "ICC 25 10 u"]
[Site "Internet Chess Club"]
[Date "2008.08.25"]
[Round "8"]
[White "pseudonym"]
[Black "JoshWinner"]
[Result "1-0"]
[ECO "C70"]
[WhiteElo "1735"]
[BlackElo "1258"]
[PlyCount "98"]
[EventDate "2008.??.??"]
[TimeControl "1500+10"]

1. e4 e5 2. Nf3 Nc6 3. Bb5 a6 4. Ba4 b5 5. Bb3 Bc5 6. Qe2 Nf6 7. c3 O-O 8. O-O d6 9. d3 Be6 10. Bg5 Qe7 11. Nbd2 Rad8 12. a4 b4 13. Bd5 Nb8 14. Nc4 c6 15. Bxe6 Qxe6 16. d4 exd4 17. cxd4 Ba7 18. e5 dxe5 19. dxe5 Rde8 20. Bxf6 Qxf6 21. Rae1 Qf4 22. Nd6 Re6 23. Qd3 Qg4 24. Re4 Qg6 25. Rd1 c5 26. b3 Nd7 27. Nc4 Rd8 28. Qe3 f6 29. Rd6 fxe5 30. Ncxe5 Qe8 31. Rxe6 Qxe6 32. Nxd7 Qxd7 33. Kf1 c4 34. Qe2 cxb3 35. Qxa6 b2 36. Re1 Qd5 37. Qe2 Qa2 38. Nd2 Qxa4 39. Nc4 Bd4 40. Nxb2 Qa2 41. Rd1 Kh8 42. Qe7 Qa6+ 43. Nd3 Rb8 44. Qd7 Ba7 45. Re1 Rf8 46. Kg1 Qa2 47. Nxb4 Qxf2+ 48. Kh1 Qf1+ 49. Rxf1 Rxf1# 1-0

[Event "ICC 25 10 u"]
[Site "Internet Chess Club"]
[Date "2008.08.27"]
[Round "8"]
[White "diams"]
[Black "HeavenlyFractal"]
[Result "0-1"]
[ECO "B00"]
[WhiteElo "1400"]
[BlackElo "1787"]
[PlyCount "82"]
[EventDate "2008.??.??"]
[TimeControl "1500+10"]

1. e4 Nc6 2. Nf3 d6 3. d4 g6 4. Nc3 Bg7 5. Be3 e5 6. d5 Nce7 7. Bd3 Nf6 8. Qd2 Ng4 9. Bg5 h6 10. Bh4 Nf6 11. O-O-O Bg4 12. Be2 a6 13. h3 Bxf3 14. Bxf3 O-O 15. g4 g5 16. Bg3 Ng6 17. Rh2 Nf4 18. Bxf4 exf4 19. h4 Nd7 20. hxg5 hxg5 21. Be2 Qf6 22. f3 b5 23. Rdh1 Nc5 24. Bd3 Rfe8 25. Rh5 Rab8 26. e5 Qxe5 27. Qh2 Kf8 28. Bf5 Qe3+ 29. Qd2 Qe7 30. Ne4 Nxe4 31. fxe4 Qf6 32. c3 a5 33. Rd1 b4 34. c4 a4 35. Qc2 b3 36. axb3 axb3 37. Qc3 Qxc3+ 38. bxc3 Bxc3 39. Rxg5 Ra8 40. e5 Ra1+ 41. Bb1 Rea8 0-1

[Event "ICC 25 10 u"]
[Site "Internet Chess Club"]
[Date "2008.08.28"]
[Round "8"]
[White "daisuke"]
[Black "danechka"]
[Result "0-1"]
[ECO "C54"]
[WhiteElo "2202"]
[BlackElo "1596"]
[PlyCount "62"]
[EventDate "2008.??.??"]
[TimeControl "1500+10"]

1. e4 e5 2. Nf3 Nc6 3. Bc4 Bc5 4. c3 Nf6 5. d3 O-O 6. O-O d6 7. Bb3 Bg4 8. Nbd2 Qe7 9. h3 Be6 10. Re1 Rad8 11. Nc4 Rfe8 12. d4 Bxc4 13. Bxc4 exd4 14. cxd4 Bb4 15. Re2 Nxe4 16. Bg5 Nxg5 17. Rxe7 Nxf3+ 18. Qxf3 Rxe7 19. Rd1 Na5 20. Bb3 c6 21. a3 Be1 22. Ba2 Rde8 23. b4 Nc4 24. Bxc4 d5 25. Bd3 h6 26. Qf5 g6 27. Qf4 Kg7 28. b5 Re6 29. bxc6 bxc6 30. Qc1 R8e7 31. Rxe1 Rxe1+ 0-1

[Event "ICC 25 10 u"]
[Site "Internet Chess Club"]
[Date "2008.08.28"]
[Round "8"]
[White "wright"]
[Black "okun"]
[Result "1-0"]
[ECO "B07"]
[WhiteElo "2051"]
[BlackElo "1573"]
[PlyCount "79"]
[EventDate "2008.??.??"]
[TimeControl "1500+10"]

1. e4 d6 2. Nf3 Nf6 3. Nc3 g6 4. b3 Bg7 5. d3 Nxe4 6. Nxe4 Bxa1 7. Bh6 Bb2 8. Be2 d5 9. Nc5 Bc3+ 10. Kf1 Nd7 11. Na4 Bf6 12. g3 b5 13. Nc5 Nxc5 14. d4 Ne6 15. Bxb5+ Bd7 16. Be2 Bg7 17. Bxg7 Nxg7 18. Kg2 O-O 19. Ne5 Bf5 20. Re1 f6 21. Nd3 Qd6 22. Nc5 e5 23. c3 exd4 24. cxd4 Rfe8 25. a3 Re7 26. Bf3 Rxe1 27. Qxe1 Re8 28. Qa5 Qb6 29. Bxd5+ Kh8 30. Qc3 c6 31. Bf3 Ne6 32. b4 Nxc5 33. dxc5 Qb5 34. Qxf6+ Kg8 35. Bxc6 Qf1+ 36. Kxf1 Bh3+ 37. Bg2 Bxg2+ 38. Kxg2 Rf8 39. Qe6+ Kg7 40. c6 1-0

[Event "ICC 25 10 u"]
[Site "Internet Chess Club"]
[Date "2008.08.31"]
[Round "8"]
[White "patternmaster"]
[Black "MrShaw"]
[Result "1-0"]
[ECO "A48"]
[WhiteElo "2001"]
[BlackElo "1887"]
[PlyCount "37"]
[EventDate "2008.??.??"]
[TimeControl "1500+10"]

1. d4 Nf6 2. Nf3 g6 3. Bf4 Bg7 4. e3 d6 5. h3 O-O 6. Be2 Nc6 7. O-O Nd7 8. c4 e5 9. Bh2 f5 10. Nc3 Qe8 11. Nd5 Qd8 12. Rc1 Ne7 13. Qb3 c6 14. Nc3 Kh8 15. dxe5 dxe5 16. Rfd1 Qc7 17. Qc2 a5 18. Na4 Nf6 19. Bxe5 1-0

[Event "ICC 25 10 u"]
[Site "Internet Chess Club"]
[Date "2008.09.02"]
[Round "8"]
[White "IvanuvIvanchuk"]
[Black "LENI"]
[Result "0-1"]
[ECO "B06"]
[WhiteElo "1809"]
[BlackElo "2101"]
[PlyCount "84"]
[EventDate "2008.??.??"]
[TimeControl "1500+10"]

1. e4 g6 2. d4 Bg7 3. Nf3 d6 4. Nc3 a6 5. Bc4 e6 6. O-O Ne7 7. Be3 h6 8. Qd2 Nd7 9. Rfd1 b5 10. Bb3 Bb7 11. a4 b4 12. Ne2 Bxe4 13. Nf4 Nf5 14. Bxe6 fxe6 15. Nxe6 Qb8 16. Nxg7+ Nxg7 17. Bxh6 Nf5 18. Bg5 Qb7 19. Re1 Kf7 20. Qf4 Rae8 21. g4 Bxf3 22. gxf5 Re4 23. fxg6+ Kxg6 24. Rxe4 Qxe4 25. Qg3 Rg8 26. h4 Kh5 27. Kh2 Nf6 28. Qh3 Ng4+ 29. Kg1 Qe2 30. Rf1 Qe4 31. c3 bxc3 32. bxc3 Nf6 33. Kh2 Qg4 34. Qxg4+ Nxg4+ 35. Kg3 Bc6 36. a5 Re8 37. Rb1 Nh6 38. Rb2 Nf5+ 39. Kh3 Bb5 40. Rb4 Bc6 41. Rb2 Re1 42. Kh2 Rh1# 0-1

[Event "ICC 25 10 u"]
[Site "Internet Chess Club"]
[Date "2008.08.31"]
[Round "9"]
[White "LENI"]
[Black "patternmaster"]
[Result "0-1"]
[ECO "B04"]
[WhiteElo "2074"]
[BlackElo "2001"]
[PlyCount "110"]
[EventDate "2008.??.??"]
[TimeControl "1500+10"]

1. e4 Nf6 2. e5 Nd5 3. d4 d6 4. Nf3 dxe5 5. Nxe5 c6 6. Bc4 Nd7 7. Nxd7 Bxd7 8. O-O Bf5 9. Bd3 Bxd3 10. Qxd3 e6 11. c3 Be7 12. Nd2 O-O 13. Nf3 Bf6 14. Re1 Qc7 15. Bg5 Bxg5 16. Nxg5 Nf6 17. Re3 h6 18. Nh3 Rad8 19. Qe2 c5 20. dxc5 Qxc5 21. Rd1 Qc7 22. Red3 Rd5 23. Rxd5 Nxd5 24. c4 Nb6 25. b3 Rd8 26. Rd3 Rxd3 27. Qxd3 Qe5 28. Qb1 Nd7 29. g3 g5 30. Kg2 Nc5 31. Ng1 g4 32. Qc2 Kg7 33. Ne2 f5 34. Qc3 Kf6 35. f4 gxf3+ 36. Kxf3 Ne4 37. Qd4 Qxd4 38. Nxd4 Ke5 39. Ke3 Nc3 40. a4 a5 41. Nb5 Ne4 42. Nd4 Nc5 43. Nf3+ Kd6 44. Nd2 e5 45. Kf3 e4+ 46. Ke3 Ke5 47. h3 h5 48. h4 b6 49. Nb1 Nxb3 50. Nc3 Nc5 51. Ne2 Nxa4 52. Nf4 Nb2 53. c5 bxc5 54. Nxh5 a4 55. Nf4 a3 0-1

[Event "ICC 25 10"]
[Site "Internet Chess Club"]
[Date "2008.09.03"]
[Round "9"]
[White "danechka"]
[Black "diams"]
[Result "1-0"]
[ECO "E30"]
[WhiteElo "1597"]
[BlackElo "1200"]
[PlyCount "97"]
[EventDate "2008.??.??"]
[TimeControl "1500+10"]

1. d4 Nf6 2. c4 e6 3. Nc3 Bb4 4. Bg5 d5 5. e3 h6 6. Bh4 g5 7. Bg3 Ne4 8. Qc2 c5 9. Bd3 Bxc3+ 10. bxc3 Nxg3 11. hxg3 cxd4 12. cxd4 Qa5+ 13. Qd2 Qxd2+ 14. Kxd2 dxc4 15. Bxc4 Nc6 16. Rb1 Na5 17. Bd3 Bd7 18. Nf3 O-O-O 19. Rhc1+ Kb8 20. Ne5 Rhf8 21. Nc4 Nxc4+ 22. Rxc4 f5 23. Rcb4 b6 24. Ba6 f4 25. gxf4 gxf4 26. e4 f3 27. g3 Bc6 28. Ke3 Bb7 29. Bxb7 Kxb7 30. Rh1 Rc8 31. Rb3 Rc2 32. Rxh6 Re2+ 33. Kd3 Rxf2 34. Rxe6 Rxa2 35. Re7+ Ka6 36. Rb1 f2 37. Rf1 Rf3+ 38. Kc4 Rxg3 39. Rf7 b5+ 40. Kc5 Rc3+ 41. Kd5 Rcc2 42. e5 b4 43. e6 b3 44. e7 Re2 45. R1xf2 Rxf2 46. Rxf2 Rxf2 47. e8=Q b2 48. Qa4+ Kb7 49. Qb3+ 1-0

[Event "ICC 25 10 u"]
[Site "Internet Chess Club"]
[Date "2008.09.06"]
[Round "9"]
[White "HeavenlyFractal"]
[Black "pseudonym"]
[Result "1/2-1/2"]
[ECO "D04"]
[WhiteElo "1753"]
[BlackElo "1735"]
[PlyCount "70"]
[EventDate "2008.??.??"]
[TimeControl "1500+10"]

1. Nf3 d5 2. d4 Nf6 3. e3 Bg4 4. Be2 e6 5. O-O Bd6 6. c4 Nc6 7. b3 O-O 8. Bb2 Ne4 9. Nbd2 Nxd2 10. Qxd2 Bf5 11. c5 Be7 12. b4 a6 13. Rac1 Bf6 14. a4 Qd7 15. b5 axb5 16. axb5 Ne7 17. Ra1 Ng6 18. Qb4 Qe7 19. Qb3 Qd7 20. Rxa8 Rxa8 21. Ra1 Rxa1+ 22. Bxa1 h6 23. Qa2 b6 24. Qa8+ Kh7 25. c6 Qd8 26. Qxd8 Bxd8 27. h3 Be7 28. Bc3 Bd6 29. Kf1 Be4 30. Ke1 Kg8 31. Kd2 Kf8 32. g3 Ke7 33. h4 Kf6 34. Bd1 Bf5 35. Be2 Be4 1/2-1/2

[Event "ICC 25 10 u"]
[Site "Internet Chess Club"]
[Date "2008.09.06"]
[Round "9"]
[White "okun"]
[Black "daisuke"]
[Result "0-1"]
[ECO "A07"]
[WhiteElo "1573"]
[BlackElo "2202"]
[PlyCount "60"]
[EventDate "2008.??.??"]
[TimeControl "1500+10"]

1. Nf3 d5 2. g3 Bg4 3. Bg2 Nd7 4. O-O Ngf6 5. d3 c6 6. h3 Bh5 7. g4 Bg6 8. Nh4 e5 9. Nxg6 hxg6 10. Bg5 Qb6 11. b3 O-O-O 12. c4 dxc4 13. bxc4 Nc5 14. Nc3 Ne6 15. Be3 Qa5 16. Qb3 Bc5 17. Rab1 Qc7 18. Bxc5 Nxc5 19. Qa3 b6 20. Na4 Ne6 21. e3 e4 22. d4 Ng5 23. Rfc1 Nxh3+ 24. Bxh3 Rxh3 25. Kf1 Nxg4 26. Ke2 Qh2 27. Rf1 Rxe3+ 28. Qxe3 Nxe3 29. Kxe3 Qh6+ 30. Ke2 Rxd4 0-1

[Event "ICC 25 10 u"]
[Site "Internet Chess Club"]
[Date "2008.09.06"]
[Round "9"]
[White "JoshWinner"]
[Black "IvanuvIvanchuk"]
[Result "0-1"]
[ECO "B50"]
[WhiteElo "1250"]
[BlackElo "1809"]
[PlyCount "85"]
[EventDate "2008.??.??"]
[TimeControl "1500+10"]

1. e4 c5 2. Nf3 d6 3. Bc4 e6 4. O-O Nf6 5. Nc3 a6 6. d4 b5 7. Bd3 c4 8. Be2 b4 9. e5 dxe5 10. dxe5 Nd5 11. Bg5 Qa5 12. Nxd5 exd5 13. a3 bxa3 14. e6 Bxe6 15. Nd4 Bc5 16. Bg4 Qb6 17. Nxe6 fxe6 18. Rxa3 O-O 19. Rf3 Nd7 20. Rxf8+ Rxf8 21. Qe1 Nf6 22. Qxe6+ Qxe6 23. Bxe6+ Kh8 24. Bxf6 Rxf6 25. Bxd5 Rb6 26. Re1 g6 27. b3 cxb3 28. cxb3 Rf6 29. Re2 Kg7 30. Rc2 Bb6 31. Kf1 Rd6 32. Bc4 Rd1+ 33. Ke2 Rh1 34. Bxa6 Rxh2 35. Kf3 Rh1 36. Rc6 Bd4 37. Bc4 Rb1 38. Rd6 Bc5 39. Rd7+ Kh6 40. Bg8 Rb2 41. Kg4 g5 42. f4 gxf4 43. Kf5 0-1